 Dungeon Crawl Stone Soup version 0.19.5 (webtiles) character file.

163080 BugsBunnySan the Eviscerator (level 16, -9/69 HPs)
             Began as a Felid Berserker on Apr 14, 2017.
             Was the Champion of Trog.
             Killed from afar by Margery (33 damage)
             ... with a fireball
             ... on level 2 of the Crypt on Apr 15, 2017.
             The game lasted 02:55:45 (49971 turns).

BugsBunnySan the Eviscerator (Felid Berserker)     Turns: 49971, Time: 02:55:47

Health: -9/69      AC:  9    Str: 13    XL:     16   Next: 98%
Magic:  19/19      EV: 37    Int: 15    God:    Trog [******]
Gold:   3373       SH:  0    Dex: 27    Spells: 0 memorised, 15 levels left
                                        Lives:  0   Deaths: 2

rFire  + . .     SeeInvis +       - Unarmed
rCold  + + +     Gourm    .     (armour unavailable)
rNeg   . . .     Faith    +     (shield unavailable)
rPois  +         Spirit   .     (helmet unavailable)
rElec  +         Reflect  .     (cloak unavailable)
rCorr  +         Harm     .     (gloves unavailable)
MR     +++..                    (boots unavailable)
Stlth  ++++++++..               V - amulet of faith
                                w - ring of protection from magic
                                K - +4 ring of dexterity

@: exhausted, resistant, slowed, drained, slow
A: no armour, no weapons or thrown items, stealth, antennae 2, claws 1, fangs 3,
molten scales 1, slimy green scales 1, thin metallic scales 1, see invisible,
agile 1, carnivore 3, clever 2, cold resistance 3, speed 1, shaggy fur 3, slow
metabolism 1, wild magic 1, evolution 2, sharp paws
a: Berserk, Trog's Hand, Brothers in Arms, Burn Spellbooks, Renounce Religion
}: 1/15 runes: decaying


You were on level 2 of the Crypt.
You worshipped Trog.
Trog was exalted by your worship.
You were not hungry.

You visited 8 branches of the dungeon, and saw 33 of its levels.
You also visited: Labyrinth, Sewer, Bailey and Volcano.

You collected 4145 gold pieces.
You spent 772 gold pieces at shops.

Inventory:

Jewellery
 v - an uncursed ring of protection from fire
 w - a ring of protection from magic (right paw)
 x - an uncursed ring of stealth
 y - a +3 ring of evasion
 B - an uncursed ring of resist corrosion
 C - an uncursed ring of positive energy
 G - an uncursed ring of poison resistance
 K - a +4 ring of dexterity (left paw)
 V - an amulet of faith (around neck)
Wands
 A - a wand of lightning (10/15)
 F - a wand of enslavement (12/24)
 J - a wand of paralysis (10/24)
 M - a wand of confusion (36/48)
 Q - a wand of iceblast (7/15)
 T - a wand of flame (27/48)
 U - a wand of teleportation (4/9)
 W - a wand of disintegration (20/24)
 Y - a wand of lightning (6/15)
Scrolls
 d - 3 scrolls of immolation
 g - 7 scrolls of magic mapping
 i - 2 scrolls of fog
 j - 15 scrolls of remove curse
 o - 5 scrolls of identify
 s - 5 scrolls of teleportation
 t - 2 scrolls of summoning
 u - 4 scrolls of blinking
 z - 4 scrolls of recharging
 D - 5 scrolls of fear
 I - 2 scrolls of holy word
 N - 3 scrolls of noise
Potions
 b - 14 potions of curing
 c - 5 potions of lignification
 e - a potion of brilliance
 k - a potion of agility
 m - 5 potions of flight
 n - 6 potions of might
 r - 6 potions of haste
 P - 2 potions of ambrosia
Books
 H - a book of Power

   Spells                             Type                      Level
   a - Fulminant Prism                Conjuration/Hexes            4
   b - Iskenderun's Mystic Blast      Conjuration                  4
   c - Venom Bolt                     Conjuration/Poison           5
   d - Bolt of Magma                  Conjuration/Fire/Earth       5
   e - Iron Shot                      Conjuration/Earth            6
   f - Orb of Destruction             Conjuration                  7
   g - Spellforged Servitor           Conjuration/Summoning        7
   Trog disapproves of the use of such an item.
 L - the Catalogue of Congealing Evil Secrets
   (You found it in a labyrinth)

   Spells                             Type                      Level
   a - Ensorcelled Hibernation        Hexes/Ice                    2
   b - Corpse Rot                     Necromancy                   2
   c - Sublimation of Blood           Necromancy                   2
   d - Throw Icicle                   Conjuration/Ice              4
   e - Excruciating Wounds            Charms/Necromancy            5
   f - Metabolic Englaciation         Hexes/Ice                    5
   Trog disapproves of the use of such an item.
Miscellaneous
 f - a box of beasts
 E - a lamp of fire
 O - a phantom mirror
 R - a fan of gales
 X - a disc of storms
Comestibles
 a - 15 meat rations
 h - 8 beef jerkies
 p - 14 slices of pizza


   Skills:
 + Level 7.9(7.7) Fighting
 + Level 17.9(17.7) Dodging
 + Level 19.6(19.4) Stealth
 + Level 24.1(23.9) Unarmed Combat
 + Level 3.1(3.0) Evocations


You had 15 spell levels left.
You didn't know any spells.

Dungeon Overview and Level Annotations

Branches:
Dungeon (15/15)            Temple (1/1) D:4            Lair (6/6) D:10
  Swamp (4/4) Lair:3       Spider (0/4) Lair:2        Slime (0/5) Lair:6
    Orc (2/2) D:12            Elf (1/3) Orc:2        Vaults (2/5) D:13
  Crypt (2/3) Vaults:2     Depths (0/5) D:15

Altars:
Ashenzari
Cheibriados
Dithmenos
Elyvilon
Fedhas
Gozag
Hepliaklqana
Kikubaaqudgha
Makhleb
Nemelex Xobeh
Okawaru
Qazlal
Ru
Sif Muna
Trog
Uskayaw
Vehumet
Xom
Yredelemnul
Zin
The Shining One
Beogh
Jiyva

Shops:
D:6 *   Orc:2 (!?[

Annotations:
Swamp:4 Lernaean hydra
Crypt:2 Margery


Innate Abilities, Weirdness & Mutations

You cannot wear armour.
You are incapable of wielding weapons or throwing items.
Your paws allow you to move quietly. (Stealth)
You have sharp claws.
You have razor-sharp teeth.
You have supernaturally acute eyesight. (SInv)
You are carnivorous and can eat meat at any time.
You cover ground quickly.
Your thick and shaggy fur keeps you warm. (AC +3, rC+)
You have a slow metabolism.
Your sharp claws are effective at attacking unaware monsters.
You have a pair of antennae on your head.
You are partially covered in molten scales. (AC +2)
You are partially covered in slimy green scales. (AC +2)
You are partially covered in thin metallic scales. (AC +2)
You are agile. (Dex +2)
Your mind is very acute. (Int +4)
Your flesh is almost immune to the effects of cold. (rC+++)
Your spells are a little harder to cast, but a little more powerful.
You rapidly evolve.


Message History

The hell knight completely misses you.
You mangle the hell knight!!
You kill the hell knight!
Trog accepts your kill.
Trog appreciates your killing of a magic user.
Things that are here:
an enchanted great sword; a chain mail; a human corpse Your skin stops crawling.
You feel less resistant to hostile enchantments.
Margery casts a spell at you.
The fireball explodes!
The fireball engulfs you!
You see here a chain mail.
You feel protected.
Margery points at you and mumbles some strange words.
The fireball explodes!
The fireball engulfs you! You resist.
* * * LOW HITPOINT WARNING * * *
You feel much better.
Margery points at you and mumbles some strange words.
The fireball explodes!
The fireball engulfs you! You resist.
You die...

#...#.....#..............
#...#.....#..............
#...#)....#............).
#...'.....#..............
#...#######..............
#...............>........
#........................
#...................p....
#.......@................
#...%....[............pp.
#......................@p
#.#########..............
#.'.......#...##### #p
#.#.###'#.#.@.# #.
#.#.#...#.#...# #.
#.#.#...#.#...# #{
#.#.#####.#...# #.


You could see Margery.

Vanquished Creatures
  Bai Suzhen (Vaults:2)
  A lich (Crypt:2)
  An acid blob (Lair:6)
  Frances (D:13)
  3 azure jellies (Lair:6)
  A frost giant (Vaults:1)
  A deep elf sorcerer (Vaults:1)
  A fire giant (Vaults:1)
  An orc warlord (Bailey)
  3 vault wardens (Vaults:1)
  5 ghouls (Crypt:1)
  5 ironheart preservers
  3 vampire knights
  Nessos (Lair:5)
  Snorg (Lair:3)
  A deep elf death mage (Vaults:1)
  3 eidola
  2 fire dragons
  Josephine (D:12)
  A minotaur (Lab)
  A rakshasa (Vaults:1)
  4 vault guards (D:13)
  22 hydras
  8 centaur warriors
  5 death knights
  4 dancing weapons (Elf:1)
  6 death yaks (Lair:6)
  8 alligators
  3 orc high priests (Orc:2)
  2 vampire magi (Crypt:1)
  5 ogre magi
  4 deep elf knights
  5 hell knights
  A fire crab (shapeshifter) (Elf:1)
  5 skeletal warriors
  A storm dragon skeleton (Crypt:1)
  5 unseen horrors
  5 swamp dragons
  A spriggan druid (Swamp:4)
  A flayed ghost (Crypt:2)
  An iron giant skeleton (Crypt:1)
  4 phantasmal warriors (Crypt:1)
  2 deep elf archers (Vaults:1)
  A glowing orange brain (shapeshifter) (Vaults:1)
  A wizard (Vaults:1)
  8 hill giants
  A shambling mangrove (Swamp:1)
  A shadow dragon zombie (Crypt:2)
  3 necromancers
  2 ironbrand convokers (Vaults:1)
  7 orc knights
  2 wolf spiders
  A lindwurm (Lair:6)
  The ghost of AAAAA the Covert, a novice SpBe of Trog (Bailey)
  14 ugly things
  9 deep elf magi
  5 orc sorcerers
  A shadow dragon skeleton (Crypt:2)
  7 cyclopes
  2 fire giant zombies
  3 salamanders (Volcano)
  4 manticores
  A cyclops (shapeshifter) (Vaults:1)
  A guardian serpent (Lair:6)
  15 black mambas
  A titan simulacrum (Crypt:1)
  3 vault sentinels (Vaults:1)
  10 elephants
  2 gargoyles
  2 centaur skeletons
  37 spiny frogs
  6 torpor snails (Lair:6)
  A rime drake (shapeshifter) (Vaults:1)
  4 freezing wraiths
  2 kobold demonologists (D:14)
  11 komodo dragons
  A sea snake zombie (Crypt:1)
  11 yaktaurs
  2 redback zombies
  A red devil (D:8)
  10 tyrant leeches
  24 hornets
  3 trolls
  13 two-headed ogres
  A harpy skeleton (D:14)
  7 hippogriffs
  24 blink frogs
  5 bog bodies
  3 flying skulls (Crypt:1)
  26 slime creatures
  A black mamba zombie (Crypt:1)
  Sigmund (D:3)
  An air elemental (Elf:1)
  A redback (Lair:6)
  7 spriggans
  2 vampires
  10 wyverns
  10 wraiths
  2 shadows
  49 yaks
  5 basilisks
  A fire elemental (Lair:2)
  A steam dragon (Lair:6)
  18 vampire mosquitoes
  A hill giant skeleton (Crypt:1)
  2 mottled dragons
  4 hungry ghosts
  Menkaure (D:5)
  The ghost of Wunderwaffel the Slasher, an amateur HESk (D:4)
  A warg (Vaults:1)
  14 insubstantial wisps
  21 swamp worms
  A water moccasin (shapeshifter) (Vaults:1)
  15 water moccasins
  14 porcupines
  14 swamp drakes
  35 orc warriors
  4 ice beasts
  9 sky beasts
  4 black bears
  3 phantoms
  2 necrophages (Crypt:1)
  12 wolves
  25 ogres
  A manticore zombie (Crypt:1)
  16 centaurs
  8 crocodiles
  22 bullfrogs
  A salamander zombie (Crypt:2)
  A fire crab zombie (Crypt:1)
  2 big kobolds
  A draconian skeleton (Crypt:2)
  A wyvern skeleton (D:12)
  6 scorpions
  A raiju zombie (Crypt:2)
  8 killer bees
  4 howler monkeys (D:13)
  7 electric eels
  13 wights
  4 crimson imps
  2 bullfrog zombies
  A lava snake (D:13)
  A basilisk zombie (Lair:3)
  6 hounds
  2 jellies
  Crazy Yiuf (D:3)
  2 bullfrog skeletons
  37 orc priests
  4 iguanas
  11 worker ants
  36 orc wizards
  A worker ant zombie (D:5)
  10 gnolls (Bailey)
  A swamp drake zombie (Crypt:2)
  30 adders
  A howler monkey skeleton (D:4)
  10 river rats
  2 shadow imps
  12 white imps (D:11)
  4 oozes
  An adder zombie (D:8)
  2 adder skeletons (D:9)
  2 worms
  4 dart slugs
  7 leopard geckos
  112 orcs
  9 ball pythons
  5 giant cockroaches
  24 goblins
  17 hobgoblins
  11 jackals
  6 quokkas
  11 bats
  4 frilled lizards
  A giant cockroach zombie (Crypt:1)
  34 kobolds
  A quokka skeleton (D:4)
  47 rats
  A river rat skeleton (Crypt:1)
  A bush (Lair:5)
  A fire vortex (D:13)
  A plant (Lair:6)
1304 creatures vanquished.

Vanquished Creatures (collateral kills)
  A vault warden (Vaults:1)
  A deep elf annihilator (Vaults:1)
  2 ettins
  An ice dragon (Vaults:1)
  2 hell knights (Crypt:2)
  An orc high priest (Orc:2)
  3 orc knights
  2 trolls
  9 orc warriors
  A swamp drake (Swamp:4)
  2 ogres
  4 centaurs (D:12)
  5 orc priests (Orc:2)
  3 orc wizards (Orc:2)
  2 gnolls (Bailey)
  7 orcs
  6 goblins (Bailey)
  2 hobgoblins (Bailey)
54 creatures vanquished.

Vanquished Creatures (others)
  An orc wizard (Orc:1)
  A quokka (D:14)
  A bush (Lair:6)
  19 fungi
  30 plants
52 creatures vanquished.

Grand Total: 1410 creatures vanquished

Notes
Turn   | Place    | Note
-------+----------+-------------------------------------------
     0 | D:1      | BugsBunnySan the Felid Berserker began the quest for the Orb.
     0 | D:1      | Reached XP level 1. HP: 10/10 MP: 2/2
   183 | D:1      | Reached XP level 2. HP: 12/14 MP: 3/3
  1019 | D:1      | Reached XP level 3. HP: 15/17 MP: 4/4
  1111 | D:1      | Reached ** piety under Trog
  1700 | D:2      | Found a sacrificial altar of Ru.
  1783 | D:2      | Reached skill level 4 in Unarmed Combat
  1818 | D:2      | Reached XP level 4. HP: 21/21 MP: 5/5
  1920 | D:2      | Reached skill level 1 in Stealth
  2862 | D:3      | Reached skill level 5 in Dodging
  2862 | D:3      | Reached XP level 5. HP: 24/24 MP: 6/6
  2894 | D:3      | Reached skill level 5 in Unarmed Combat
  3008 | D:3      | Found a glowing drain.
  3012 | Sewer    | Entered a sewer
  3394 | Sewer    | Reached *** piety under Trog
  3525 | Sewer    | Gained mutation: You are covered in thick fur. (AC +2) [Felid growth]
  3525 | Sewer    | Reached XP level 6. HP: 25/28 MP: 7/7
  4199 | D:3      | Found a runed door.
  4203 | D:3      | Noticed Crazy Yiuf
  4211 | D:3      | Killed Crazy Yiuf
  4339 | D:3      | Noticed Sigmund
  4356 | D:3      | Killed Sigmund
  4356 | D:3      | Reached skill level 6 in Unarmed Combat
  4356 | D:3      | Reached XP level 7. HP: 31/31 MP: 8/8
  4521 | D:4      | Noticed Wunderwaffel's ghost (amateur HESk)
  4523 | D:4      | Found a staircase to the Ecumenical Temple.
  4531 | D:4      | Killed Wunderwaffel's ghost
  4704 | D:4      | Reached skill level 7 in Unarmed Combat
  4775 | D:4      | Reached **** piety under Trog
  4870 | D:4      | Found an iron altar of Okawaru.
  5197 | D:5      | Entered Level 5 of the Dungeon
  5315 | D:5      | Noticed Menkaure
  5323 | D:5      | Killed Menkaure
  5323 | D:5      | Reached skill level 5 in Stealth
  5323 | D:5      | Reached XP level 8. HP: 27/35 MP: 9/9
  5598 | D:5      | Reached skill level 8 in Unarmed Combat
  6656 | D:5      | Reached skill level 9 in Unarmed Combat
  6925 | D:6      | Found Nen Xiotooxu's General Store.
  7037 | D:6      | Bought a potion of curing for 45 gold pieces
  7037 | D:6      | Bought a scroll of identify for 30 gold pieces
  7117 | D:6      | Reached XP level 9. HP: 39/39 MP: 10/10
  7579 | D:7      | Reached skill level 10 in Unarmed Combat
  8130 | D:7      | Noticed a deep elf mage
  8133 | D:7      | Killed a deep elf mage
  8189 | D:8      | Gained mutation: Your mind is acute. (Int +2) [mutagenic meat]
  8460 | D:8      | Noticed a red devil
  8511 | D:8      | Killed a red devil
  8511 | D:8      | Reached skill level 11 in Unarmed Combat
  8940 | D:8      | Noticed an orange demon
  8973 | D:8      | Found a burning altar of Makhleb.
  8974 | D:8      | Noticed a hell beast
  9367 | D:9      | Reached XP level 10. HP: 24/43 MP: 11/11
 10605 | Temple   | Entered the Ecumenical Temple
 10903 | D:10     | Entered Level 10 of the Dungeon
 11268 | D:10     | Reached skill level 12 in Unarmed Combat
 11493 | D:10     | Noticed a hill giant
 11503 | D:10     | Killed a hill giant
 11503 | D:10     | Reached skill level 10 in Stealth
 11795 | D:10     | Found a staircase to the Lair.
 11901 | D:11     | Found a flagged portal.
 11936 | Bailey   | Entered a bailey
 11940 | Bailey   | Noticed AAAAA's ghost (novice SpBe)
 11960 | Bailey   | Killed AAAAA's ghost
 12149 | Bailey   | Reached ***** piety under Trog
 12254 | Bailey   | Reached skill level 10 in Dodging
 12434 | Bailey   | Noticed an orc knight
 12466 | Bailey   | Killed an orc knight
 12466 | Bailey   | Reached XP level 11. HP: 46/46 MP: 12/12
 12491 | Bailey   | Noticed an orc warlord
 12493 | Bailey   | Noticed an orc knight
 12508 | Bailey   | Noticed an orc knight
 12508 | Bailey   | Reached skill level 13 in Unarmed Combat
 12522 | Bailey   | Killed an orc warlord
 12530 | Bailey   | Killed an orc knight
 12537 | Bailey   | Killed an orc knight
 12944 | D:11     | Noticed an orc knight
 12982 | D:11     | Killed an orc knight
 12990 | D:11     | Reached skill level 5 in Fighting
 13146 | D:11     | Reached skill level 14 in Unarmed Combat
 13197 | D:11     | Noticed a purple ugly thing
 13208 | D:11     | Killed a purple ugly thing
 13215 | D:11     | Gained mutation: You are frail. (-10% HP) [mutagenic meat]
 13216 | D:11     | Gained mutation: You are partially covered in molten scales. (AC +2) [mutagenic meat]
 13469 | D:11     | Gained mutation: You are partially covered in large bone plates. (SH +4) [potion of beneficial mutation]
 13470 | D:11     | Gained mutation: Your thick and shaggy fur keeps you warm. (AC +3, rC+) [Felid growth]
 13470 | D:11     | Reached XP level 12. HP: 47/47 MP: 13/13
 14013 | D:12     | Reached skill level 15 in Unarmed Combat
 14330 | D:12     | Noticed Josephine
 14345 | D:12     | Killed Josephine
 14377 | D:12     | Reached XP level 13. HP: 30/50 MP: 14/14
 14571 | D:12     | Gained mutation: You are partially covered in thin metallic scales. (AC +2) [mutagenic meat]
 14572 | D:12     | Lost mutation: Your mind is acute. (Int +2) [mutagenic meat]
 14573 | D:12     | Gained mutation: You are clumsy. (Dex -2) [mutagenic meat]
 14574 | D:12     | Gained mutation: You evolve. [mutagenic meat]
 14575 | D:12     | Gained mutation: Your flesh is cold resistant. (rC+) [mutagenic meat]
 14953 | D:12     | Found a staircase to the Orcish Mines.
 15014 | D:12     | Reached skill level 1 in Evocations
 15837 | D:13     | Reached skill level 16 in Unarmed Combat
 16223 | D:13     | Gained mutation: Your flesh is very cold resistant. (rC++) [mutagenic meat]
 16225 | D:13     | Lost mutation: You are frail. (-10% HP) [mutagenic meat]
 16326 | D:13     | Gained mutation: You tend to lose your temper in combat. [mutagenic meat]
 16327 | D:13     | Lost mutation: You are clumsy. (Dex -2) [mutagenic meat]
 16328 | D:13     | Lost mutation: You tend to lose your temper in combat. [mutagenic meat]
 16329 | D:13     | Gained mutation: Your mind is acute. (Int +2) [mutagenic meat]
 16520 | D:13     | Gained mutation: You rapidly evolve. [mutagenic meat]
 16521 | D:13     | Gained mutation: You are frail. (-10% HP) [mutagenic meat]
 16523 | D:13     | Lost mutation: Your mind is acute. (Int +2) [mutagenic meat]
 16548 | D:13     | Noticed Frances
 16685 | D:13     | Killed Frances
 17219 | Lair:1   | Entered Level 1 of the Lair of Beasts
 17326 | Lair:1   | Found a dark tunnel.
 17336 | Volcano  | Entered a volcano
 17383 | Volcano  | Reached skill level 17 in Unarmed Combat
 17392 | Volcano  | Gained mutation: Your flesh is almost immune to the effects of cold. (rC+++) [evolution]
 18692 | Lair:2   | Found a hole to the Spider Nest.
 18751 | Lair:2   | Reached XP level 14. HP: 54/54 MP: 16/16
 20056 | Lair:3   | Noticed Snorg
 20681 | Lair:3   | Gained mutation: You are resistant to hostile enchantments. (MR+) [evolution]
 20696 | Lair:3   | Lost mutation: You are partially covered in large bone plates. (SH +4) [potion of mutation]
 20866 | Lair:3   | Reached skill level 18 in Unarmed Combat
 20985 | Lair:3   | Killed Snorg
 21295 | Lair:3   | Found a staircase to the Swamp.
 24485 | Lair:5   | Reached skill level 15 in Stealth
 24568 | Lair:5   | Noticed Nessos
 24830 | Lair:6   | Entered Level 6 of the Lair of Beasts
 24830 | Lair:6   | Found a labyrinth entrance.
 24838 | Lab      | Entered a labyrinth
 25033 | Lab      | Identified the Catalogue of Congealing Evil Secrets
 25183 | Lair:5   | Killed Nessos
 25430 | D:6      | Lost mutation: You are frail. (-10% HP) [evolution]
 26045 | Orc:1    | Entered Level 1 of the Orcish Mines
 26049 | Orc:1    | Reached skill level 19 in Unarmed Combat
 26260 | Orc:2    | Entered Level 2 of the Orcish Mines
 26260 | Orc:2    | Found a roughly hewn altar of Beogh.
 26326 | Orc:2    | Reached ****** piety under Trog
 26420 | Orc:1    | Reached XP level 15. HP: 54/64 MP: 17/17
 26906 | Orc:2    | Found a staircase to the Elven Halls.
 27195 | Orc:2    | Found a roughly hewn altar of Beogh.
 27260 | Orc:2    | Found Huoll's Magic Scroll Emporium.
 27736 | Orc:2    | Found Vepritso's Antique Weapon Shoppe.
 27745 | Orc:2    | Found Otset's Distillery.
 27869 | Orc:2    | Found Ecoacvos's Armour Emporium.
 27877 | Orc:2    | Bought a scroll of teleportation for 51 gold pieces
 27877 | Orc:2    | Bought a scroll of remove curse for 51 gold pieces
 27877 | Orc:2    | Bought a scroll of fear for 59 gold pieces
 27877 | Orc:2    | Bought 2 scrolls of identify for 68 gold pieces
 27877 | Orc:2    | Bought a scroll of magic mapping for 59 gold pieces
 27877 | Orc:2    | Bought a scroll of teleportation for 51 gold pieces
 27877 | Orc:2    | Bought a scroll of magic mapping for 59 gold pieces
 27877 | Orc:2    | Bought a scroll of magic mapping for 59 gold pieces
 27877 | Orc:2    | Bought a scroll of remove curse for 51 gold pieces
 27877 | Orc:2    | Bought a scroll of identify for 34 gold pieces
 27884 | Orc:2    | Bought a potion of heal wounds for 50 gold pieces
 27884 | Orc:2    | Bought a potion of lignification for 30 gold pieces
 27884 | Orc:2    | Bought a potion of heal wounds for 50 gold pieces
 27884 | Orc:2    | Bought a potion of mutation for 25 gold pieces
 27884 | Orc:2    | Gained mutation: Your mind is acute. (Int +2) [potion of mutation]
 27884 | Orc:2    | Gained mutation: You have a pair of small antennae on your head. [potion of mutation]
 28056 | Orc:1    | Lost mutation: You are resistant to hostile enchantments. (MR+) [mutagenic meat]
 28057 | Orc:1    | Gained mutation: You are partially covered in slimy green scales. (AC +2) [mutagenic meat]
 28571 | D:13     | Reached skill level 15 in Dodging
 28723 | D:13     | Found a gate to the Vaults.
 29252 | D:14     | Found a white marble altar of Elyvilon.
 30056 | D:15     | Entered Level 15 of the Dungeon
 30943 | D:15     | Reached skill level 20 in Unarmed Combat
 31062 | D:15     | Found a staircase to the Depths.
 31982 | Lair:5   | Gained mutation: Your mind is very acute. (Int +4) [evolution]
 32916 | Lair:6   | Found a runed door.
 33160 | Lair:6   | Identified a scroll of acquirement
 33162 | Lair:6   | Got a glittering brass amulet
 33163 | Lair:6   | Identified the amulet of Ragrutob {RegenMP *Corrode rN+ Dex+4} (You acquired it on level 6 of the Lair of Beasts)
 33639 | Lair:6   | Reached XP level 16. HP: 69/69 MP: 18/18
 33782 | Lair:6   | Found a runed door.
 33783 | Lair:6   | Found a viscous altar of Jiyva.
 33810 | Lair:6   | Found a staircase to the Slime Pits.
 34818 | Lair:6   | Reached skill level 21 in Unarmed Combat
 35084 | Lair:6   | Noticed an acid blob
 35098 | Lair:6   | Killed an acid blob
 36022 | Elf:1    | Entered Level 1 of the Elven Halls
 36633 | Swamp:1  | Entered Level 1 of the Swamp
 38762 | Swamp:2  | Got a translucent silver amulet
 38763 | Swamp:2  | Identified the amulet of Weppeore {RegenMP rElec rPois Str-5 Dex+2} (You acquired it on level 2 of the Swamp)
 40630 | Swamp:3  | Reached XP level 17. HP: 72/72 MP: 19/19
 40707 | Swamp:3  | Gained mutation: Your spells are a little harder to cast, but a little more powerful. [evolution]
 41210 | Swamp:3  | Reached skill level 22 in Unarmed Combat
 41417 | Swamp:4  | Entered Level 4 of the Swamp
 42898 | Swamp:4  | Noticed the 27-headed Lernaean hydra
 43514 | Swamp:4  | Got a decaying rune of Zot
 44199 | Vaults:1 | Entered Level 1 of the Vaults
 44310 | Vaults:1 | Found a sacrificial altar of Ru.
 44920 | Vaults:1 | Gained mutation: You have a pair of antennae on your head. [evolution]
 45249 | Vaults:1 | HP: 5/108 [acid (8)]
 46058 | Vaults:1 | Reached skill level 23 in Unarmed Combat
 46522 | Vaults:1 | Reached XP level 18. HP: 76/76 MP: 21/21
 46819 | Vaults:1 | Killed from afar by a deep elf annihilator
 46820 | Vaults:1 | Reached XP level 17. HP: -18/109 MP: 20/20
 47119 | Vaults:1 | Killed from afar by a shock serpent (shapeshifter)
 47120 | Vaults:1 | Reached XP level 16. HP: -3/103 MP: 19/19
 47427 | Vaults:2 | Noticed Bai Suzhen
 47428 | Vaults:2 | Killed Bai Suzhen
 47577 | Vaults:2 | Found a staircase to the Crypt.
 47583 | Crypt:1  | Entered Level 1 of the Crypt
 47906 | Crypt:1  | Gained mutation: You are agile. (Dex +2) [evolution]
 49612 | Crypt:2  | Noticed a lich
 49617 | Crypt:2  | Reached skill level 24 in Unarmed Combat
 49627 | Crypt:2  | Killed a lich
 49634 | Crypt:2  | Noticed Margery
 49969 | Crypt:2  | HP: 2/69 [Margery/fireball (22)]
 49971 | Crypt:2  | Killed from afar by Margery

Skill      XL: |  1  2  3  4  5  6  7  8  9 10 11 12 13 14 15 16 17 18 |
---------------+-------------------------------------------------------+-----
Unarmed Combat | 4 5 6 7 9 11 12 14 15 17 19 20 24 23 | 24.1
Stealth        | 2 3 4 5 7 9 10 12 13 15 16 18 19 | 19.6
Dodging        | 5 6 7 8 10 12 13 14 15 16 17 | 17.9
Fighting       | 4 6 7 |  7.9
Evocations     | 1 2 3 |  3.1

Action                   |  1- 3 |  4- 6 |  7- 9 | 10-12 | 13-15 | 16-18 || total
-------------------------+-------+-------+-------+-------+-------+-------++-------
Melee: Unarmed           |   100 |   178 |   267 |   529 |  1555 |  1388 ||  4017
       Bite              |     7 |    18 |    28 |    50 |   223 |   216 ||   542
       Punch             |     1 |     5 |    16 |    42 |   170 |   203 ||   437
Invok: Berserk           |     4 |     4 |    11 |    16 |    64 |    57 ||   156
       Trog's Hand       |       |     5 |     9 |     9 |    53 |    32 ||   108
       Brothers in Arms  |       |       |       |     4 |     5 |     9 ||    18
       Burn Spellbooks   |       |       |       |       |     1 |     1 ||     2
Evoke: Wand              |       |       |       |     1 |     2 |    10 ||    13
       Lamp of fire      |       |       |       |       |     3 |     3 ||     6
       Phantom mirror    |       |       |       |       |     1 |       ||     1
  Use: Scroll            |       |     5 |     6 |     7 |    24 |    12 ||    54
       Potion            |       |       |       |     8 |    10 |    11 ||    29
 Stab: Sleeping          |     5 |     9 |    14 |    13 |    62 |    53 ||   156
       Distracted        |       |       |     2 |     1 |    14 |    18 ||    35
       Confused          |       |       |       |       |       |     1 ||     1
  Eat: Chunk             |    12 |    10 |    23 |    40 |   141 |    77 ||   303
       Meat ration       |       |       |       |       |       |     4 ||     4
Armor: Skin              |     4 |    13 |     9 |    36 |    75 |    69 ||   206
Dodge: Dodged            |    91 |   223 |   204 |   387 |  1168 |  1137 ||  3210
Block: Other             |       |       |       |    12 |    68 |       ||    80
